[Event "*** Titled Tuesday Blitz"]
[Site "Chess.com"]
[Date "2020.05.05"]
[Round "2"]
[White "Leo_C"]
[Black "ehrenfeld"]
[Result "1-0"]
[WhiteElo "2294"]
[BlackElo "2501"]
[TimeControl "180+1"]
[EndTime "10:19:49 PDT"]
[Termination "Leo_C won on time"]

1. d4 f5 2. Bg5 g6 3. Nc3 Bg7 4. h4 d6 5. e3 h6 6. Bf4 Nf6 7. Bc4 e6 8. Nge2 Nc6 9. Qd2 Bd7 10. O-O-O Qe7 11. d5 exd5 12. Nxd5 Nxd5 13. Bxd5 O-O-O 14. c3 Kb8 15. Nd4 Ne5 16. Kb1 c6 17. Bb3 Ka8 18.
Bg3 Bc8 19. Ka1 Rhe8 20. Rhe1 d5 21. f3 Nf7 22. Bc2 Nd6 23. h5 c5 24. Bxd6 Qxd6 25. Ne2 g5 26. e4 fxe4 27. Bxe4 Be6 28. c4 d4 29. Qd3 Bf7 30. g4 Qa6 31. Rc1 Kb8 32.
Ng3 Be5 33. Nf5 Bf4 34. Rc2 Re6 35. Rce2 Rb6 36. b3 Qa5 37. Ne7 Ra6 38. Nd5 Be5 39.
Kb1 Bg7 40. Bg6 Bxd5 41. cxd5 Bf6 42. Re8 Rd6 43. Rxd8+ Rxd8 44. Re2 a6 45. Re6 Bh8 46.
d6 Qb6 47. Qe4 c4 48. Re8 cxb3 49. Rxd8+ Qxd8 50. axb3 Bf6 51. Qe8 Qxe8 52. Bxe8 Kc8 53. Kc2 b6 54. Kd3 Kd8 55. d7 a5 56. Kc4 Kc7 57. Kd3 Be5 58. Kc4 Bf6 59. Kd3 b5 60. d8=Q+ Bxd8 61. Bxb5 Bf6 62. Ba4 Kb6 63. Ke4 Kc5 64.
Kd3 Kb4 65. Ke4 Bg7 66. Kd3 1-0

[Event "*** Titled Tuesday Blitz"]
[Site "Chess.com"]
[Date "2020.05.05"]
[Round "2"]
[White "Turquoise_2701"]
[Black "bilelou"]
[Result "0-1"]
[WhiteElo "2144"]
[BlackElo "2509"]
[TimeControl "180+1"]
[EndTime "10:19:52 PDT"]
[Termination "bilelou won by resignation"]

1. c4 c6 2. Nf3 Nf6 3. g3 g6 4.
Bg2 Bg7 5. O-O O-O 6. d4 d6 7. Nc3 Bg4 8. Ne1 Qa5 9. f3 Re8 10. fxg4 Nxg4 11. e3 Nf6 12. Bd2 e5 13. Nd5 Qd8 14.
Nxf6+ Bxf6 15. Bc3 Nd7 16. Qf3 Qe7 17. Bh3 e4 18.
Qf2 Bg5 19. Bxd7 Qxd7 20. Ng2 h5 21. Rad1 d5 22. cxd5 cxd5 23. Rc1 Re6 24. Bd2 Ra6 25. a3 Rb6 26. b4 Ra6 27. Rc3 Rf6 28. Qe2 Rxf1+ 29.
Qxf1 Kg7 30. Qc1 Bd8 31. Nf4 h4 32. Qd1 Bg5 33. Rc5 Bxf4 34. gxf4 b6 35. Rc1 Rh8 36. Qe2 Qa4 37. Rc3 Qd7 38. Be1 Rh5 39. Qg2 Qb5 40. h3 Qa4 41. Kh2 Qd1 42. Bf2 Qe2 43. Rc7 a6 44. f5 Rxf5 45. Bxh4 Qxe3 46. Bg3 Qxd4 47. Qe2 Rf3 48. Re7 Kf8 49. Rc7 Rd3 50. Bd6+ Kg7 51. Re7 Rd2 52. Be5+ Qxe5+ 53. Rxe5 Rxe2+ 54. Kg3 Rd2 55. Re7 Rd3+ 56. Kf4 Rf3+ 57. Ke5 Rxa3 58. Kxd5 Rxh3 59. Rxe4 Rh5+ 60. Kc6 Rb5 61. Kb7 Rf5 62. Kxa6 b5 63. Re7 g5 64. Rb7 g4 65. Rxb5 Rxb5 66. Kxb5 g3 67. Kc6 g2 68. b5 g1=Q 69. b6 Qg3 70. Kb7 Qd6 71. Ka7 f5 72. b7 Qc7 73.
Ka8 f4 74. b8=Q Qxb8+ 75. Kxb8 f3 0-1

[Event "*** Titled Tuesday Blitz"]
[Site "Chess.com"]
[Date "2020.05.05"]
[Round "2"]
[White "Savagelittlemole"]
[Black "Guenplen"]
[Result "0-1"]
[WhiteElo "2573"]
[BlackElo "2941"]
[TimeControl "180+1"]
[EndTime "10:19:53 PDT"]
[Termination "Guenplen won by checkmate"]

1. e4 c5 2. Ne2 Nc6 3. d4 cxd4 4. Nxd4 Nf6 5. Nc3 e6 6. Ndb5 Bc5 7. Nd6+ Ke7 8. Bf4 e5 9. Nf5+ Kf8 10. Be3 Bb4 11. Bd3 d5 12. exd5 Qxd5 13. O-O Bxc3 14. bxc3 e4 15. Bxe4 Qxd1 16. Bc5+ Kg8 17. Raxd1 Bxf5 18. Bxf5 g6 19. Bd7 Ne5 20. Ba4 Kg7 21. Rfe1 Rhd8 22. Rxd8 Rxd8 23. Bd4 Nc6 24. Bxc6 bxc6 25. g4 c5 26. Be5 g5 27. h4 Kg6 28. h5+ Nxh5 29.
gxh5+ Kxh5 30. Bf6 Rd6 31. Be7 Rc6 32. Re5 f6 33. Rxc5 Re6 34. Bd8 Kg4 35. Kg2 Rd6 36.
Bc7 Rd2 37. Rc4+ Kf5 38. Rc5+ Kg4 39. Rc4+ Kf5 40. Ba5 Rxc2 41. a3 h5 42. Bb4 h4 43.
Rc5+ Kg4 44. Rc4+ Kf5 45. Rc5+ Kg4 46. Rc4+ Kh5 47. Rc6 f5 48. Rc5 Kg4 49. Rc4+ f4 50.
Rd4 h3+ 51. Kg1 Rc1+ 52. Kh2 Rc2 53. Kg1 h2+ 54. Kxh2 Rxf2+ 55. Kg1 Rc2 56. Rd3 Kf5 57.
Rd5+ Kf6 58. Rd3 g4 59. Bc5 Kf5 60. Rd5+ Ke4 61. Rg5 g3 62. Rg7 Kf3 63. Bf2 Rc1+ 64. Be1 Rxe1# 0-1

[Event "*** Titled Tuesday Blitz"]
[Site "Chess.com"]
[Date "2020.05.05"]
[Round "2"]
[White "dcann0n88"]
[Black "WiktoriaPOL"]
[Result "1-0"]
[WhiteElo "2363"]
[BlackElo "2018"]
[TimeControl "180+1"]
[EndTime "10:19:54 PDT"]
[Termination "dcann0n88 won by checkmate"]

1. e4 c5 2. Nf3 d6 3. d4 cxd4 4. Nxd4 Nf6 5. Nc3 a6 6. Be3 e5 7.
Nb3 Be6 8. f3 Nbd7 9. Qd2 Be7 10. O-O-O b5 11. g4 Nb6 12. g5 Nfd7 13. Kb1 Nc4 14. Bxc4 bxc4 15. Nc1 Rb8 16. Nd5 Bxd5 17. Qxd5 Qc7 18. h4 c3 19. b3 Nb6 20. Qa5 Qb7 21.
Bxb6 Qxb6 22. Qxc3 O-O 23. Qd3 Rfc8 24. Ne2 a5 25.
Nc3 Qc5 26. Nd5 Bf8 27. Rhg1 a4 28. Rg2 axb3 29. cxb3 Qa3 30. Rdg1 Rb7 31. f4 Rcb8 32. Rb2 exf4 33. Nxf4 g6 34. Nd5 Bg7 35. Nf6+ Bxf6 36. gxf6 Qc5 37. Rc1 Qe5 38. Qf3 Rb4 39. Rbc2 h5 40. Rc8+ Rxc8 41. Rxc8+ Kh7 42. Rf8 Qe6 43. Rd8 Rxe4 44. Qd3 Re1+ 45. Kb2 Qe2+ 46. Qxe2 Rxe2+ 47. Kb1 Re1+ 48. Kb2 Re2+ 49. Ka3 Re6 50. Rd7 Rxf6 51. Kb4 Re6 52. a4 Kg8 53. a5 Kf8 54. a6 Re4+ 55. Kb5 Re5+ 56. Kc6 Re1 57. a7 Ra1 58. Rd8+ Ke7 59. a8=Q Rxa8 60. Rxa8 f5 61.
Kd5 f4 62. Ra7+ Kf6 63. Kxd6 f3 64. Ra1 Kf5 65. Rf1 Kf4 66. b4 Ke3 67. b5 f2 68.
b6 Ke2 69. Ra1 f1=Q 70. Rxf1 Kxf1 71. b7 Kg2 72. b8=Q Kg3 73. Qg8 Kxh4 74. Qxg6 Kh3 75.
Ke5 h4 76. Kf4 Kh2 77. Kf3 h3 78. Kf2 Kh1 79. Qg1# 1-0

[Event "*** Titled Tuesday Blitz"]
[Site "Chess.com"]
[Date "2020.05.05"]
[Round "2"]
[White "CakeinSpace2002"]
[Black "vladimirdamjanovic"]
[Result "1/2-1/2"]
[WhiteElo "2222"]
[BlackElo "2599"]
[TimeControl "180+1"]
[EndTime "10:19:55 PDT"]
[Termination "Game drawn by repetition"]

1. e4 c6 2. Nc3 d5 3. Nf3 Bg4 4. h3 Bxf3 5. Qxf3 Nf6 6. g3 Nxe4 7.
Nxe4 dxe4 8. Qxe4 Qd5 9. Qxd5 cxd5 10. Bg2 e6 11. d4 Nc6 12. c3 Bd6 13. O-O b5 14.
Re1 Kd7 15. Bf1 b4 16. Bb5 Rhb8 17. Ba4 bxc3 18. bxc3 Kc7 19. Be3 Na5 20. Rab1 Nc4 21. Bb3 Na5 22. Kg2 Rb6 23. Bc2 g6 24. Bd3 Rab8 25. h4 h5 26. Kf3 Nc4 27. Rxb6 axb6 28.
Re2 Ra8 29. Bxc4 dxc4 30. Rc2 Kc6 31. g4 b5 32. g5 Ra3 33. Ke4 Bc7 34. Bd2 Ba5 35.
f3 Bc7 36. f4 Kd6 37. Be1 Bd8 38. Bd2 f6 39. gxf6 Bxf6 40. Be1 Kc6 41. Rg2 Be7 42. Rxg6 Rxa2 43. Rxe6+ Kd7 44. Kd5 Ra5 45. f5 b4+ 46.
Kxc4 Rxf5 47. Rh6 bxc3 48. Bxc3 Bxh4 49. d5 Bg3 50. Bd4 Bd6 51. Rh7+ Ke8 52. Bc5 Rf4+ 53. Kb5 Bxc5 54. Kxc5 h4 55. Kd6 Rf8 56. Rxh4 Kd8 57.
Rh7 Rf6+ 58. Kc5 Rf1 59. Rh8+ Kd7 60. Rh7+ Kd8 61. Rh8+ Kd7 62. Rh7+ Kd8 1/2-1/2

[Event "*** Titled Tuesday Blitz"]
[Site "Chess.com"]
[Date "2020.05.05"]
[Round "2"]
[White "Lagmantr"]
[Black "Poghosyan_Suren"]
[Result "1-0"]
[WhiteElo "2697"]
[BlackElo "2478"]
[TimeControl "180+1"]
[EndTime "10:19:59 PDT"]
[Termination "Lagmantr won by resignation"]

1. Nf3 c5 2. g3 Nc6 3. Bg2 g6 4.
O-O Bg7 5. c3 Nf6 6. d4 O-O 7.
dxc5 a5 8. Nbd2 a4 9. e4 Qa5 10. b4 axb3 11. Nxb3 Qxc3 12. Bd2 Qc4 13. Re1 Nxe4 14. Rc1 Qa4 15. Bf4 Nc3 16. Qd3 Nb4 17. Qc4 Nbxa2 18. Qxa4 Rxa4 19. Rc2 Nb4 20. Rd2 Ncd5 21.
Be5 Bxe5 22. Nxe5 d6 23. cxd6 exd6 24. Nc4 Be6 25. Nxd6 b6 26. Nd4 Rd8 27. Nxe6 fxe6 28. Rxe6 Ra1+ 29. Bf1 Nc7 30. Re4 Nbd5 31. Nc4 Rf8 32.
Kg2 b5 33. Nd6 Rb1 34. Re5 Rd8 35. Nxb5 Nxb5 36. Rdxd5 Rxd5 37. Rxd5 Nc3 38. Rd7 Re1 39.
Bc4+ Kh8 40. g4 Ne4 41. f4 Nf6 42. Rd8+ Kg7 43. g5 Ne8 44. Kf3 Re7 45. h4 h6 46. Kg4 hxg5 47. hxg5 Nc7 48. Rd6 Ne8 49. Ra6 Rd7 50. Bb5 Re7 51. Bd3 Nc7 52. Rxg6+ Kf8 53. Rf6+ Rf7 54. Rxf7+ Kxf7 55. Kh5 Kg7 56. f5 Nd5 57.
Bc4 Nf4+ 58. Kg4 Ng2 59. f6+ Kf8 60. Kh5 Nf4+ 61. Kh6 Nh3 62. g6 Ng5 63. g7+ 1-0

[Event "*** Titled Tuesday Blitz"]
[Site "Chess.com"]
[Date "2020.05.05"]
[Round "2"]
[White "binbin239"]
[Black "Bagirova"]
[Result "1-0"]
[WhiteElo "2438"]
[BlackElo "2194"]
[TimeControl "180+1"]
[EndTime "10:19:59 PDT"]
[Termination "binbin239 won by resignation"]

1. d4 d5 2. c4 e6 3. Nf3 Nf6 4. g3 Be7 5. Bg2 O-O 6. O-O c6 7. Qc2 Nbd7 8. Nbd2 b6 9. e4 Bb7 10. Rd1 Rc8 11. b3 Qc7 12. Bb2 Qb8 13. Rac1 dxe4 14. Nxe4 c5 15. Nxf6+ Nxf6 16. dxc5 bxc5 17. Be5 Qa8 18. Nh4 Bxg2 19. Nxg2 Rfd8 20. Nf4 Rxd1+ 21. Rxd1 Rd8 22. Re1 Qf3 23. Qe2 Qxe2 24. Rxe2 Kf8 25. Kg2 Ke8 26. h3 Rd1 27. Bb8 Rd7 28. Be5 Rd1 29.
Bc3 Kd7 30. g4 h6 31. Re3 Kc6 32. Nd3 Nd7 33. Bxg7 Bg5 34. Rf3 f5 35. gxf5 exf5 36. Nb2 Rd2 37. Rxf5 Kd6 38. Rf3 Ne5 39. Bxe5+ Kxe5 40. Na4 Kd4 41. Nc3 Rc2 42. Nb5+ Ke4 43.
Nxa7 Rxa2 44. Nc8 Rb2 45. Nd6+ Kd4 46. Nf7 Bc1 47. Nd6 Bd2 48. Nf5+ Ke4 49. Ng3+ Kd4 50. h4 Bc3 51. Nf5+ Ke5 52. Rxc3 Kxf5 53. Kg3 Rb1 54. Rd3 Rg1+ 55. Kf3 Ke6 56. Rd5 Rb1 57. Rxc5 Rxb3+ 58. Kg4 Rb2 59. f4 Rg2+ 60. Kh5 Rf2 61. f5+ Kf6 62.
Kxh6 Rh2 63. h5 Rh4 64. Rc8 Kxf5 65. c5 Ke6 66. c6 Kd6 67. c7 Kd7 68. Ra8 Kxc7 69.
Kg6 Kd7 70. Rf8 Ke7 71. Rf1 Rg4+ 72. Kh7 Rh4 73. h6 Rh2 74. Kg7 Rg2+ 75. Kh8 Rh2 76. h7 Rh3 77. Rf4 Rh2 78. Rf5 Rh3 79. Kg7 Rg3+ 80.
Kh6 Rh3+ 81. Rh5 Rxh5+ 82. Kxh5 1-0

[Event "*** Titled Tuesday Blitz"]
[Site "Chess.com"]
[Date "2020.05.05"]
[Round "2"]
[White "hongnhung1234"]
[Black "Agent-JL"]
[Result "1-0"]
[WhiteElo "2222"]
[BlackElo "2522"]
[TimeControl "180+1"]
[EndTime "10:20:00 PDT"]
[Termination "hongnhung1234 won by resignation"]

1. e4 c5 2. Nc3 Nc6 3. f4 e6 4.
Nf3 Qc7 5. Bc4 a6 6. a4 Qxf4 7.
O-O Qc7 8. d3 Nf6 9. Qe1 d6 10.
Qg3 Ne5 11. Nxe5 dxe5 12. Bh6 Nh5 13. Qf3 Nf4 14. Bxf4 exf4 15. Qg4 g6 16. Rxf4 Bd6 17.
Rf3 Bxh2+ 18. Kh1 Be5 19. Raf1 O-O 20. Qh4 Kg7 21. Rh3 h5 22. Qg5 f6 23. Qh4 Bd7 24.
Qf2 Rab8 25. Ne2 b5 26. axb5 axb5 27. Bb3 c4 28. Ba2 cxd3 29. cxd3 b4 30. d4 Bd6 31. Bb3 Bb5 32. Rc1 Qd7 33. Nf4 Bxf4 34. Qxf4 Rbc8 35.
Rf1 Qxd4 36. Rd1 Qb6 37. Rg3 Qc7 38. Qh4 Kh6 39. Bxe6 g5 40. Qh2 Be2 41. Re1 Qf4 42.
Bxc8 Rxc8 43. Rh3 Qxh2+ 44. Kxh2 Rc2 45. Rb3 Bf3 46. Kg3 Bg4 47. Rxb4 Be6 48. Kh2 h4 49.
Rb6 Bg4 50. Rxf6+ Kg7 51. Rb6 h3 52. Rg1 Bf3 53. Kxh3 Bxe4 54. Kg3 Bf5 55. Rb5 Kg6 56. Rb6+ Kg7 57. Rb5 Kg6 58. b4 Be4 59. Kh2 Rb2 60.
Rb6+ Kh5 61. Kg3 Rb3+ 62. Kf2 Rb2+ 63. Ke3 Bxg2 64. Re1 g4 65. Kd4 g3 66. Re3 Kg4 67. Rg6+ Kf4 68. Rgxg3 Bf1 69. Kc5 Rb1 70. Rgf3+ Kg4 71.
b5 Bxb5 72. Kd4 Rb4+ 73. Kc5 Rb1 74. Rf8 Ba4 75. Re7 Kg3 76. Rg7+ 1-0

[Event "*** Titled Tuesday Blitz"]
[Site "Chess.com"]
[Date "2020.05.05"]
[Round "2"]
[White "MikaelyanArman"]
[Black "Hasangatin_Ramil"]
[Result "1/2-1/2"]
[WhiteElo "2737"]
[BlackElo "2519"]
[TimeControl "180+1"]
[EndTime "10:20:04 PDT"]
[Termination "Game drawn - insufficient material"]

1. e4 d5 2. exd5 Qxd5 3. Nc3 Qd6 4. d4 Nf6 5. Nf3 c6 6. Ne5 Nbd7 7. Nc4 Qc7 8. Qf3 Nb6 9. Bf4 Qd8 10. Ne5 Be6 11. O-O-O Nbd5 12. Bc4 Nxf4 13. Qxf4 Bxc4 14. Nxc4 e6 15. Ne5 Be7 16. h4 O-O 17. g4 Nd5 18. Nxd5 exd5 19. g5 Bd6 20. Qg4 Qc8 21. Qxc8 Raxc8 22. Rde1 f6 23. Nd3 Rce8 24. Kd2 Re4 25.
c3 Rfe8 26. f3 Rxe1 27. Rxe1 Rxe1 28. Kxe1 Bg3+ 29. Ke2 Bxh4 30. gxf6 Bxf6 31. f4 Kf7 32. Kf3 g6 33. Kg4 Ke7 34. Nc5 b6 35. Nd3 Kd6 36. Ne5 c5 37. Nf3 cxd4 38. cxd4 Ke6 39. b3 h5+ 40. Kg3 Kf5 41. Ne5 g5 42. Nd3 h4+ 43. Kg2 g4 44. Nb4 Ke4 45. Nc6 Bxd4 46. f5 Bf6 47. Nxa7 Kxf5 48. Nb5 d4 49. Nd6+ Kf4 50. Nc4 h3+ 51. Kh2 d3 52. a4 Bc3 53. Nxb6 Ke4 54. Nc4 d2 55. Nxd2+ Ke3 56. Kg3 Bxd2 57. b4 Ke2 58.
Kh2 Be1 59. b5 Kf3 60. b6 g3+ 61. Kxh3 g2 62. b7 Kf2 63. b8=Q g1=Q 64. Qh2+ Kf1 65. Qf4+ Qf2 66. Qc4+ Qe2 67. Qxe2+ Kxe2 68. Kg4 Ba5 69. Kf5 Kd3 70. Ke5 Kc4 71. Kd6 Kb4 72. Ke5 Kxa4 1/2-1/2

[Event "*** Titled Tuesday Blitz"]
[Site "Chess.com"]
[Date "2020.05.05"]
[Round "2"]
[White "Zhani-Z"]
[Black "NotFischer"]
[Result "1-0"]
[WhiteElo "2510"]
[BlackElo "2145"]
[TimeControl "180+1"]
[EndTime "10:20:07 PDT"]
[Termination "Zhani-Z won by resignation"]

1. e4 c5 2. Nf3 e6 3. d4 cxd4 4. Nxd4 a6 5. Nc3 Nc6 6. g3 Qc7 7. Bg2 Nf6 8. O-O Be7 9. Re1 O-O 10. Nxc6 bxc6 11. e5 Nd5 12. Na4 Bb7 13. c4 Nb6 14.
Nxb6 Qxb6 15. b3 Rfd8 16. Qg4 c5 17. Bh6 g6 18. Rad1 Bxg2 19. Kxg2 Qc6+ 20. Kg1 d6 21. exd6 Rxd6 22. Rxd6 Bxd6 23. Bg5 a5 24. Bf6 Bf8 25. a4 Rb8 26. Re3 Qd7 27. Qf4 Qd1+ 28. Kg2 Rxb3 29. Rxb3 Qxb3 30. Qc7 Qxa4 31. Qc8 Qxc4 32. Be7 Qd5+ 33.
f3 Qd2+ 34. Kh3 Qh6+ 35. Kg2 c4 36. f4 Qg7 37. g4 c3 38. g5 c2 39. Bf6 Qxf6 40.
gxf6 h6 41. Qxc2 Kh7 42. h4 h5 43. Qc7 Kg8 44. Qxa5 Bd6 45. Qd8+ Bf8 46. Kf3 e5 47.
fxe5 g5 48. hxg5 h4 49. g6 h3 50. e6 fxe6 51. g7 Kf7 52. Qxf8+ Kg6 53. g8=Q+ Kf5 54. Qh7+ Ke5 55. Qh5+ Kd4 56. Qxh3 Kc3 57. Qg4 Kd2 58. Qfb4+ Kc2 59. Qge4+ Kd1 60. Qee1+ 1-0

[Event "*** Titled Tuesday Blitz"]
[Site "Chess.com"]
[Date "2020.05.05"]
[Round "2"]
[White "penguingm1"]
[Black "Mesa_1"]
[Result "1/2-1/2"]
[WhiteElo "2816"]
[BlackElo "2454"]
[TimeControl "180+1"]
[EndTime "10:20:08 PDT"]
[Termination "Game drawn by repetition"]

1. d4 d5 2. Bf4 Nf6 3. e3 e6 4.
Nf3 Bd6 5. Bd3 O-O 6. Nbd2 Bxf4 7. exf4 b6 8. Qe2 a5 9. Ne5 c5 10. c3 Ba6 11. O-O Bxd3 12. Qxd3 Qd6 13. f5 Nc6 14.
Ndf3 cxd4 15. Nxc6 Qxc6 16. fxe6 Qxe6 17. Nxd4 Qd7 18.
Rad1 Rfe8 19. h3 g6 20. Nb5 Rad8 21. a4 Re4 22. b3 Rde8 23. Qf3 Qe7 24. Nd4 Kg7 25. Nc2 Qe5 26. Rd3 h5 27. Ne3 Rf4 28. Qd1 Rc8 29. c4 dxc4 30. Nxc4 Qc5 31. g3 Rxc4 32. bxc4 Qxc4 33. Rd4 Qa2 34. Qf3 Rc4 35. Rd6 Qb2 36. Qe3 Rxa4 37. Rxb6 Rb4 38. Ra6 a4 39.
Ra7 Qb3 40. Qe7 Re4 41. Qd6 h4 42. Ra8 Ne8 43. Qc6 Re6 44. Qxa4 Qxa4 45. Rxa4 hxg3 46. fxg3 f5 47. Ra7+ Kh6 48. Kf2 Nf6 49. Re1 Ne4+ 50. Kg2 Rb6 51. Ra3 Rb2+ 52. Kg1 Nf2 53. h4 Ng4 54. Rf3 Rb4 55. Rd3 Kh5 56. Rd2 Rb3 57. Kg2 Ne3+ 58. Kh3 Ng4 59. Rf1 Rc3 60. Rf4 Ne3 61.
Rd8 Kh6 62. Rd6 Rc1 63. Kh2 Ng4+ 64. Kg2 Rc2+ 65. Kg1 Rc1+ 66. Rf1 Rc2 67. Rxf5 Rc1+ 68. Rf1 Rc3 69. Rff6 Nxf6 70. Rxf6 Rxg3+ 71. Kh2 Rg4 72. Kh3 Kh5 73. Rf8 Rxh4+ 74. Kg3 Rg4+ 75. Kh3 Kg5 76. Ra8 Rh4+ 77. Kg3 Rg4+ 78. Kh3 Rc4 79. Ra5+ Kh6 80. Kg3 Rc3+ 81. Kg4 Rc4+ 82. Kg3 Rc3+ 83. Kg4 Rc4+ 84.
Kg3 1/2-1/2

[Event "*** Titled Tuesday Blitz"]
[Site "Chess.com"]
[Date "2020.05.05"]
[Round "2"]
[White "Willychess95"]
[Black "12teen"]
[Result "1/2-1/2"]
[WhiteElo "2535"]
[BlackElo "2786"]
[TimeControl "180+1"]
[EndTime "10:20:09 PDT"]
[Termination "Game drawn by repetition"]

1. e4 b6 2. d4 Bb7 3. Nc3 e6 4. f3 Nf6 5. a3 d5 6. e5 Nfd7 7.
f4 c5 8. Nce2 Nc6 9. Nf3 f6 10.
c3 Be7 11. g3 O-O 12. Bg2 fxe5 13. dxe5 Qc7 14. O-O b5 15. Bh3 Nd8 16. Bg2 Nb6 17. Qc2 a5 18. Be3 Nc4 19. Bf2 a4 20. Rac1 Bc6 21. Kh1 Be8 22. Neg1 Bg6 23. Qe2 Nc6 24. Nh3 N6a5 25. Nhg5 Qc6 26. Bh3 Bf5 27. Bxf5 Rxf5 28. Nh4 Rxg5 29. fxg5 Bxg5 30. Rcd1 Rf8 31. Kg1 Nb3 32.
Nf3 Be7 33. Be3 Qe8 34. Bg5 Rxf3 35. Rxf3 Bxg5 36. Rdf1 Nbd2 37. Rf8+ Qxf8 38. Rxf8+ Kxf8 39. Qf2+ Ke7 40. Qe2 h6 41. h4 Be3+ 42. Kh1 Ne4 43. Qg4 Kf7 44. Qf3+ Ke7 45. Kg2 Nxe5 46. Qxe3 Kd6 47. Qf4 Nf6 48. g4 Nxg4 49. Qf8+ Kc6 50.
Qc8+ Kd6 51. Qf8+ Kc6 52. Qxg7 Nc4 53. Kh3 Nce3 54. Qa7 Nf2+ 55. Kh2 Ne4 56. Qa8+ Kd7 57. Qb8 Nf5 58. Qxb5+ Kd6 59. Qxa4 Nxh4 60. Qb5 Nf3+ 61. Kh1 h5 62. Qb8+ Kd7 63. a4 h4 64. a5 h3 65. Qb7+ Kd6 66. Qb8+ Ke7 67. Qc7+ Ke8 68. Qc8+ Ke7 69. Qc7+ Ke8 70. Qc8+ Ke7 71. Qc7+ 1/2-1/2

[Event "*** Titled Tuesday Blitz"]
[Site "Chess.com"]
[Date "2020.05.05"]
[Round "2"]
[White "IsaacWiebe"]
[Black "WanderingPuppet"]
[Result "1/2-1/2"]
[WhiteElo "2139"]
[BlackElo "2385"]
[TimeControl "180+1"]
[EndTime "10:20:11 PDT"]
[Termination "Game drawn by agreement"]

1. d4 Nf6 2. c4 g6 3. Nc3 Bg7 4.
e4 O-O 5. Be2 d6 6. Nf3 c5 7.
O-O cxd4 8. Nxd4 Bd7 9. Be3 Nc6 10. h3 Qa5 11. Qd2 Rfc8 12. Rac1 a6 13. Rfd1 Ne5 14.
b3 Nc6 15. f4 Nxd4 16. Bxd4 Bc6 17. Bf3 Nd7 18. Bxg7 Kxg7 19. Qd4+ Kg8 20. Nd5 Bxd5 21. exd5 Qc5 22. Qxc5 Nxc5 23. Kf2 Rc7 24. h4 Rac8 25. h5 b5 26. hxg6 hxg6 27. Be2 b4 28. Rh1 Kg7 29. Ke3 a5 30. Rh2 Rh8 31. Rxh8 Kxh8 32. Rh1+ Kg7 33. Bd1 Ra7 34. Kd4 a4 35. Re1 axb3 36. Bxb3 Kf6 37. g4 e6 38. dxe6 fxe6 39. g5+ Kf7 40. Rh1 Kg7 41.
Re1 Rf7 42. Ke3 e5 43. fxe5 dxe5 44. Rd1 Rf5 45. Rd5 Nxb3 46. axb3 Rxg5 47. Rb5 Rg3+ 48. Ke4 Rxb3 49. Kxe5 Rb1 50. c5 Rc1 51. Rxb4 Rxc5+ 52. Kf4 Rc1 53. Kg3 Kh6 54. Rb5 Rc4 55. Ra5 g5 56. Rb5 Kh5 57. Rb8 Rc3+ 58. Kg2 Kg4 59. Rb4+ Kh5 60.
Ra4 g4 61. Rb4 Kh4 62. Ra4 Rc2+ 63. Kg1 Kh3 64. Ra3+ g3 65. Ra1 Kg4 66. Re1 Kf3 67.
Rf1+ Kg4 68. Re1 Kh3 69. Rd1 Rf2 70. Re1 Kg4 71. Rd1 Kf3 72. Rd3+ Kg4 73. Rd1 Kh3 74.
Rc1 Rg2+ 75. Kh1 Rh2+ 76. Kg1 Rg2+ 77. Kh1 Rh2+ 78. Kg1 Rf2 79. Rd1 Rg2+ 80. Kh1 Rh2+ 81. Kg1 Rg2+ 82. Kh1 Rh2+ 1/2-1/2

[Event "*** Titled Tuesday Blitz"]
[Site "Chess.com"]
[Date "2020.05.05"]
[Round "2"]
[White "diskeleven"]
[Black "Volodar_Murzin"]
[Result "1-0"]
[WhiteElo "2346"]
[BlackElo "2636"]
[TimeControl "180+1"]
[EndTime "10:20:13 PDT"]
[Termination "diskeleven won by checkmate"]

1. d4 Nf6 2. c4 g6 3. Nf3 Bg7 4. g3 O-O 5. Bg2 d6 6. O-O Nbd7 7. Nc3 e5 8. e3 Re8 9. b3 c6 10. a4 e4 11. Nd2 d5 12. f3 exf3 13. Qxf3 dxc4 14.
Nxc4 Nb6 15. Ne5 Be6 16. Rb1 Nbd5 17. Ne2 Nd7 18. e4 Nxe5 19. dxe5 Nb4 20. Nf4 Qc7 21. Bd2 a5 22. Bc3 Bxe5 23. Nxe6 Rxe6 24. Bxe5 Rxe5 25.
Rbd1 Re7 26. h4 Rd8 27. h5 Rxd1 28. Rxd1 Rd7 29. Rf1 Qe5 30. h6 Qg5 31. Bh3 Re7 32. Be6 Qc5+ 33. Kg2 Qc2+ 34. Rf2 Nd3 35. Bxf7+ Kf8 36.
Bc4+ Ke8 37. Qf8+ Kd7 38. Rxc2 Ne1+ 39. Kh3 Nxc2 40. Qf4 Nb4 41. Qg4+ Kc7 42. Qf4+ Kd7 43. e5 Nd5 44. Qg4+ Kc7 45. e6 Kd6 46. Bxd5 cxd5 47. Qd4 Kxe6 48. Qb6+ Ke5 49. Qxa5 Kd6 50. Qb4+ Ke6 51. Qe1+ Kd6 52. Qb4+ Ke6 53. Qd4 Rd7 54. Kg4 Rc7 55. Kf4 Rf7+ 56. Kg4 Rd7 57. a5 Kd6 58. Qb6+ Ke5 59. Qe3+ Kd6 60. b4 Re7 61. Qc5+ Ke6 62. b5 Rd7 63. Qd4 Rc7 64. a6 Rc4 65. Qxc4 dxc4 66. axb7 c3 67. b8=Q c2 68.
Qc8+ Ke5 69. Qxc2 Kd5 70. b6 Ke6 71. b7 Ke5 72. b8=Q+ Kd4 73. Qd8+ Ke3 74. Qcd1 Kf2 75. Qe8 Kg2 76. Qee2# 1-0

[Event "*** Titled Tuesday Blitz"]
[Site "Chess.com"]
[Date "2020.05.05"]
[Round "2"]
[White "Grineva_Marianna"]
[Black "Nafania1"]
[Result "1/2-1/2"]
[WhiteElo "2146"]
[BlackElo "2388"]
[TimeControl "180+1"]
[EndTime "10:20:13 PDT"]
[Termination "Game drawn - insufficient material"]

1. d4 Nf6 2. c4 e6 3. Nc3 Bb4 4. e3 O-O 5. Ne2 c5 6. a3 Bxc3+ 7. Nxc3 cxd4 8. exd4 d5 9. Be3 b6 10. b4 Bb7 11. c5 bxc5 12. bxc5 Qa5 13. Qd2 Nc6 14. Be2 Ba6 15. O-O Bxe2 16. Nxe2 Qxd2 17. Bxd2 Rab8 18. Rab1 e5 19. dxe5 Nxe5 20. Bf4 Rbe8 21. Nd4 Nc4 22. Nb5 Rc8 23. Bd6 Nxd6 24. cxd6 a6 25. Nc7 Rfd8 26.
Rb6 a5 27. Rd1 Rd7 28. f3 Kf8 29. Nxd5 Ne8 30. Ne7 Rc3 31. a4 Rc4 32. Nf5 g6 33. Ne3 Rxa4 34. Rb8 Rb4 35. Ra8 Rb6 36. Nc4 Rc6 37.
Nxa5 Rcxd6 38. Re1 Re7 39. Rxe7 Kxe7 40. Kf2 Rd2+ 41.
Kg3 Nd6 42. Ra7+ Kf6 43. Kh3 h5 44. Ra6 Kg5 45. g3 f5 46. f4+ Kh6 47. Nc6 Ne4 48.
Ne5 Nf2+ 49. Kh4 Ng4 50. Rxg6+ Kh7 51. Kxh5 Nxe5 52. fxe5 Rxh2+ 53. Kg5 Re2 54. Re6 Re3 55. Kf4 Re4+ 56. Kxf5 Ra4 57. Re7+ Kg8 58. g4 Kf8 59. Rb7 Ra6 60. g5 Rc6 61. e6 Ke8 62. Kf6 Rc8 63. Re7+ Kf8 64. Rf7+ Kg8 65. g6 Rb8 66. Rg7+ Kh8 67. Rc7 Kg8 68. Rd7 Kh8 69. Ke7 Kg7 70. Kd6+ Kxg6 71. e7 Kf7 72. Rd8 Rb6+ 73. Kd7 Rb7+ 74.
Kc6 Rxe7 75. Rd4 Re6+ 76. Rd6 Rxd6+ 77. Kxd6 1/2-1/2

[Event "*** Titled Tuesday Blitz"]
[Site "Chess.com"]
[Date "2020.05.05"]
[Round "2"]
[White "OhanyanEminChess"]
[Black "StephenDedalus83"]
[Result "1-0"]
[WhiteElo "2498"]
[BlackElo "2692"]
[TimeControl "180+1"]
[EndTime "10:20:17 PDT"]
[Termination "OhanyanEminChess won by resignation"]

1. e4 c5 2. Nf3 Nc6 3. d4 cxd4 4. Nxd4 Qc7 5. Nc3 e6 6. Be3 a6 7. f3 Nf6 8. Qd2 Ne5 9. O-O-O Bb4 10. a3 Bxc3 11.
Qxc3 Qxc3 12. bxc3 d5 13. Bf4 Ned7 14. exd5 Nxd5 15.
Bd2 b6 16. Bc4 Bb7 17. Rhe1 O-O 18. Bb3 Rfc8 19. c4 N5f6 20. Bg5 Nc5 21. Kb2 Rc7 22.
Bf4 Rcc8 23. Ne2 Ne8 24. Nc3 f6 25. Bd6 Nxd6 26. Rxd6 Rc6 27. Red1 Kf7 28. Na4 Ke7 29. Rxc6 Bxc6 30. Nxc5 bxc5 31. Kc3 a5 32. Ba2 Rb8 33. Re1 e5 34. Kd2 Ke6 35. Rb1 Rxb1 36. Bxb1 f5 37. c3 e4 38. f4 Bb7 39. Bc2 Ba6 40. Bb3 Kf6 41. Ke3 h6 42. g3 g6 43. Kf2 g5 44. Ke3 Kg6 45. Kf2 gxf4 46. gxf4 Kh5 47.
Kg3 e3 48. Bd1+ Kg6 49. Kf3 Bxc4 50. Kxe3 Kf6 51. Bf3 Ke6 52. Bb7 Kd6 53. Bc8 Be6 54. Ba6 Kd5 55. Kd3 Kd6 56. Bb7 Ba2 57. Ke3 Bb1 58.
Bf3 Bc2 59. Be2 Kd5 60. Ba6 Be4 61. Bb5 c4 62. Ba6 Kc5 63. Kd2 Bd3 64. Bc8 Kb5 65. Bd7+ Kb6 66. Ke3 Kc5 67. Be8 Kd6 68. Kd4 Ke6 69. Bb5 Kd6 70. Bxc4 Be4 71. Bd3 Bc6 72. Bxf5 Bb5 73. Bd3 Bd7 74. c4 Ke7 75. c5 Kf6 76.
Kd5 Be6+ 77. Kd6 Bc8 78. c6 Be6 79. c7 Bc8 80. Be4 Kf7 81. Kc6 Ke7 82. Kb6 Kd6 83.
Bb7 Bd7 1-0

[Event "*** Titled Tuesday Blitz"]
[Site "Chess.com"]
[Date "2020.05.05"]
[Round "2"]
[White "Leonid_Starozhilov"]
[Black "Alopekos"]
[Result "0-1"]
[WhiteElo "2645"]
[BlackElo "2435"]
[TimeControl "180+1"]
[EndTime "10:20:19 PDT"]
[Termination "Alopekos won by checkmate"]

1. e4 e5 2. Nf3 Nc6 3. Bc4 Nf6 4. d3 Be7 5. c3 O-O 6. Bb3 d6 7. Nbd2 Nd7 8. O-O Nc5 9. Bc2 f5 10. b4 fxe4 11. dxe4 Ne6 12. Nc4 Nf4 13. Bxf4 Rxf4 14. Nfd2 Bg4 15. f3 Be6 16. Ne3 Bg5 17. Bb3 Bxb3 18. Qxb3+ Kh8 19. Nd5 Rf8 20. Rad1 Ne7 21.
Nc4 Nxd5 22. Rxd5 Rf6 23. Nxe5 c6 24. Rd3 Qb6+ 25. Kh1 dxe5 26. Rfd1 Rff8 27. Qe6 Rad8 28. Rxd8 Rxd8 29. Rd7 h6 30. g3 Rxd7 31. Qxd7 Qd8 32.
Qf5 Qd1+ 33. Kg2 Qd6 34. h4 Bf6 35. a3 Kg8 36. Qc8+ Kh7 37. Qf5+ Kh8 38. Qc8+ Kh7 39. h5 Qe7 40. Qf5+ Kg8 41. Qc8+ Kf7 42. Qf5 Qe6 43. Qg6+ Ke7 44. Qh7 Qf7 45. Qf5 Qe6 46. Qh7 Qa2+ 47.
Kh3 Qxa3 48. Qg8 Qxc3 49. Qb8 Qxb4 50. Qxa7 Qb5 51. Qb8 Kd7 52. Kg4 b6 53. Qb7+ Kd6 54. Qb8+ Kc5 55. Qc7 Kc4 56. f4 exf4 57. gxf4 Qc5 58. e5 Be7 59. Kf5 b5 60. Qb8 b4 61.
Ke6 b3 62. Qa8 Qb4 63. Qa1 b2 64. Qf1+ Kb3 65. Qd1+ Ka3 66. Qb1 Bc5 67. f5 Qb3+ 68.
Kd7 Qd5+ 69. Kc8 Qxe5 70. Qd3+ Kb4 71. Qd2+ Qc3 72. Qf4+ Qc4 73. Qf1 Qxf1 74. f6 Qf5+ 75. Kb7 Qxf6 76. Ka6 b1=Q 77. Kb7 Qa2 78. Kb8 Qg8+ 79.
Kb7 Qe7+ 80. Ka6 Qa8# 0-1